[Event "*** Titled Tuesday Blitz"]
[Site "Chess.com"]
[Date "2020.11.03"]
[Round "1"]
[White "German_Bazeev"]
[Black "saraswathii"]
[Result "1-0"]
[WhiteElo "2743"]
[BlackElo "2376"]
[TimeControl "180+1"]
[EndTime "10:04:49 PST"]
[Termination "German_Bazeev won by resignation"]

1. d4 Nf6 2. Nf3 g6 3. Bg5 Bg7 4. e3 O-O 5. Be2 h6 6. Bh4 d6 7.
O-O c5 8. dxc5 dxc5 9. Nc3 Qb6 10. Bxf6 Bxf6 11. Nd5 Qxb2 12. Rb1 Qxa2 13. Nc7 Bf5 14.
Bd3 Bxd3 15. cxd3 Na6 16. Nxa8 Qd5 17. e4 Qc6 18. e5 Bg7 19. Qb3 Nb4 20. d4 b6 21.
dxc5 bxc5 22. Rfc1 Rxa8 23. Qxb4 Qxf3 24. Qb8+ 1-0

[Event "*** Titled Tuesday Blitz"]
[Site "Chess.com"]
[Date "2020.11.03"]
[Round "1"]
[White "Vasily85"]
[Black "Blitzstream"]
[Result "0-1"]
[WhiteElo "2394"]
[BlackElo "2785"]
[TimeControl "180+1"]
[EndTime "10:04:52 PST"]
[Termination "Blitzstream won by resignation"]

1. d4 d5 2. Bg5 c6 3. Nf3 Bf5 4. e3 Nd7 5. Bd3 Bxd3 6. Qxd3 Ngf6 7. O-O Qb6 8. Nbd2 e6 9. c4 h6 10. Bh4 Be7 11. b3 O-O 12. e4 dxe4 13. Nxe4 Rfe8 14.
Rad1 Rad8 15. Rfe1 Nxe4 16. Qxe4 Bxh4 17. Qxh4 Nf6 18.
h3 Qa5 19. Re2 c5 20. Red2 cxd4 21. Nxd4 e5 22. Nf3 Rxd2 23. Rxd2 e4 0-1

[Event "*** Titled Tuesday Blitz"]
[Site "Chess.com"]
[Date "2020.11.03"]
[Round "1"]
[White "Ze-Pequeno"]
[Black "AmirBagheri78"]
[Result "0-1"]
[WhiteElo "2238"]
[BlackElo "2570"]
[TimeControl "180+1"]
[EndTime "10:04:53 PST"]
[Termination "AmirBagheri78 won by resignation"]

1. e4 c6 2. d4 d5 3. Nc3 dxe4 4. Nxe4 Bf5 5. Ng3 Nf6 6. Nf3 Bg4 7. c3 e6 8. Bd3 Qd5 9. Be2 Nbd7 10. h3 Bxf3 11. Bxf3 Qb5 12. Qe2 Qxe2+ 13. Kxe2 Bd6 14. Ne4 Nxe4 15. Bxe4 Nf6 16. Bf3 O-O-O 17. Re1 h6 18. Bd2 Rhe8 19. Kf1 Bc7 20. Rad1 Rd7 21. g3 Red8 22.
Bc1 Nd5 23. h4 Bd6 24. a3 Be7 25. Kg2 Bf6 26. Re2 Nb6 27. Rde1 Na4 28. Be4 a5 29. Bc2 Nb6 30. Be4 a4 31. h5 Nc4 32. f4 Nd6 33. Bc2 b5 34. Kf3 Nb7 35. g4 c5 36. g5 cxd4 37.
gxf6 d3 38. Bxd3 Rxd3+ 39. Re3 gxf6 40. Ke4 f5+ 41. Kf3 Nc5 42. Re2 Ne4 43. Kg2 Rxe3 44. Rxe3 Rd1 45. Rxe4 fxe4 0-1

[Event "*** Titled Tuesday Blitz"]
[Site "Chess.com"]
[Date "2020.11.03"]
[Round "1"]
[White "Pedrada88"]
[Black "Sashadav97"]
[Result "1-0"]
[WhiteElo "2393"]
[BlackElo "2652"]
[TimeControl "180+1"]
[EndTime "10:04:54 PST"]
[Termination "Pedrada88 won by resignation"]

1. Nf3 g6 2. d4 Bg7 3. e4 d6 4. Nc3 Nf6 5. h3 O-O 6. Be3 a6 7. a4 Nc6 8. Bd3 e5 9. O-O Bd7 10. dxe5 dxe5 11. Re1 Nh5 12. Bf1 Nf4 13. Nd5 Ne6 14. Bc4 Kh8 15. c3 f5 16. exf5 gxf5 17. Qc2 Qe8 18. Rad1 Qg6 19. Nxc7 Rad8 20. Rxd7 Rxd7 21.
Nxe6 Re8 22. Nxg7 Qxg7 23. Qxf5 e4 24. Ng5 Ne5 25. Bd4 Rxd4 26. cxd4 Nxc4 27. Rxe4 Rf8 28.
Qc5 Rg8 29. Qxc4 Qxg5 30. Rg4 Qc1+ 31. Qxc1 1-0

[Event "*** Titled Tuesday Blitz"]
[Site "Chess.com"]
[Date "2020.11.03"]
[Round "1"]
[White "vugarrasulov"]
[Black "Lady_Nika"]
[Result "1-0"]
[WhiteElo "2874"]
[BlackElo "2442"]
[TimeControl "180+1"]
[EndTime "10:04:55 PST"]
[Termination "vugarrasulov won by resignation"]

1. d4 d5 2. c4 e6 3. Nc3 f5 4. g3 Nf6 5. Bg2 c6 6. Nf3 Be7 7. O-O O-O 8. Bf4 Ne4 9. Rc1 Nd7 10. Ne5 Nxe5 11. Bxe5 Bd6 12. e3 Bxe5 13. dxe5 Bd7 14. f3 Nxc3 15. Rxc3 Qc7 16. cxd5 Qxe5 17. f4 Qf6 18.
dxc6 Bxc6 19. Bxc6 bxc6 20. Qc2 Rab8 21. b3 Rfd8 22.
Rxc6 Qf7 23. Rc7 Qh5 24. Qc3 Qh6 25. Rxa7 Rd6 26. Rc7 Rbd8 27. Rc8 Qh5 28. Rxd8+ Rxd8 29. Qc2 Qe8 30. Rd1 Rc8 31. Qd2 Qc6 32. Kf2 Qe4 33.
Rc1 Ra8 34. Qc2 Qb4 35. a4 Rb8 36. Ra1 Rd8 37. Rd1 Rb8 38. Qc4 Qb6 39. b4 h5 40.
a5 Qxb4 41. Qxb4 Rxb4 42. Ra1 Rb7 43. a6 Ra7 44. e4 Kf7 45. Ke3 Ke7 46. Kd4 Kd6 47.
exf5 exf5 48. h4 g6 49. Ra2 Ke6 50. Kc5 Kd7 51. Kb6 1-0

[Event "*** Titled Tuesday Blitz"]
[Site "Chess.com"]
[Date "2020.11.03"]
[Round "1"]
[White "giantslayer83"]
[Black "MaxLeto"]
[Result "1-0"]
[WhiteElo "2710"]
[BlackElo "2364"]
[TimeControl "180+1"]
[EndTime "10:04:55 PST"]
[Termination "giantslayer83 won by resignation"]

1. d4 Nf6 2. Bg5 Ne4 3. Bf4 d5 4. e3 c5 5. Bd3 cxd4 6. exd4 Nc6 7. Bxe4 dxe4 8. d5 Nb4 9. Nc3 Bf5 10. a3 Na6 11. Nge2 g6 12. Be5 f6 13. Bg3 h5 14. h3 Qb6 15. O-O h4 16. Bh2 g5 17. Nd4 Bg6 18. Ne6 Rc8 19. Re1 Nc5 20. Nxc5 Qxc5 21. Nxe4 Bxe4 22. Rxe4 Qxc2 23. Qg4 Kf7 24.
Rae1 Rd8 25. d6 e5 26. Bxe5 fxe5 27. Qf5+ Kg8 28. Qxg5+ Bg7 29. Qxd8+ Kf7 30. Qe7+ 1-0

[Event "*** Titled Tuesday Blitz"]
[Site "Chess.com"]
[Date "2020.11.03"]
[Round "1"]
[White "Iball95"]
[Black "Sofiia_Hryzlova"]
[Result "1-0"]
[WhiteElo "2609"]
[BlackElo "2296"]
[TimeControl "180+1"]
[EndTime "10:05:04 PST"]
[Termination "Iball95 won by resignation"]

1. d4 Nf6 2. Nc3 d6 3. e4 g6 4. Be3 Bg7 5. Qd2 c6 6. Bh6 Bxh6 7. Qxh6 Nbd7 8. Nf3 Qc7 9. Bc4 b5 10. Bb3 Nb6 11.
e5 dxe5 12. dxe5 Nfd5 13. Nxd5 cxd5 14. O-O Be6 15. Nd4 Qd7 16. Rfe1 O-O-O 17. Qd2 Kb7 18.
Qb4 a6 19. a4 bxa4 20. Bxa4 Qc7 21. Bc6+ Ka7 22. Rxa6+ Kxa6 23. Ra1+ 1-0

[Event "*** Titled Tuesday Blitz"]
[Site "Chess.com"]
[Date "2020.11.03"]
[Round "1"]
[White "pedroholly22"]
[Black "machupichu10"]
[Result "0-1"]
[WhiteElo "2384"]
[BlackElo "2765"]
[TimeControl "180+1"]
[EndTime "10:05:07 PST"]
[Termination "machupichu10 won by resignation"]

1. e4 c6 2. d4 d5 3. e5 Bf5 4.
Nf3 e6 5. Be2 Ne7 6. O-O Ng6 7.
Nbd2 Nf4 8. Nb3 Nxe2+ 9. Qxe2 Be7 10. Bf4 g5 11. Be3 Nd7 12. a4 h5 13. Nfd2 h4 14.
c4 Nb6 15. a5 Nxc4 16. Nxc4 dxc4 17. Qxc4 Qd5 18. Qxd5 exd5 19. Nc5 Bxc5 20. dxc5 Kd7 21. Bd4 Ke6 22. b4 Bd3 23. Rfe1 g4 24. Re3 Bc4 25.
Rea3 Rag8 26. Re3 Rh5 27. Rae1 Rf5 28. g3 Rh8 29. Kg2 Bb5 30. Rh1 h3+ 31. Kg1 Rf3 0-1

[Event "*** Titled Tuesday Blitz"]
[Site "Chess.com"]
[Date "2020.11.03"]
[Round "1"]
[White "Susal_De_Silva"]
[Black "shaheus"]
[Result "1-0"]
[WhiteElo "2521"]
[BlackElo "2132"]
[TimeControl "180+1"]
[EndTime "10:05:13 PST"]
[Termination "Susal_De_Silva won by resignation"]

1. e4 d5 2. exd5 Nf6 3. Nc3 Nxd5 4. Bc4 c6 5. Nge2 g6 6. O-O Bg7 7. d4 O-O 8. Bb3 a5 9. a3 Na6 10. Ne4 Re8 11. c4 Nf6 12. Nxf6+ Bxf6 13. Be3 Nc7 14. Qd2 Bf5 15. Ng3 Be6 16. Rad1 a4 17. Ba2 b5 18.
d5 cxd5 19. cxd5 Bg4 20. f3 Bc8 21. Ne4 Bg7 22. Bb6 Rb8 23. Ba5 Qd7 24. d6 Ne6 25. Bxe6 Qxe6 26. d7 Bxd7 27. Qxd7 Qxd7 28. Rxd7 Bxb2 29.
Bb4 Rbc8 30. Rb1 Be5 31. Bxe7 Rc2 32. Bf6 h5 33. Re1 Bd4+ 34. Bxd4 1-0

[Event "*** Titled Tuesday Blitz"]
[Site "Chess.com"]
[Date "2020.11.03"]
[Round "1"]
[White "ArjunErigaisi2003"]
[Black "ehrenfeld"]
[Result "1-0"]
[WhiteElo "2984"]
[BlackElo "2465"]
[TimeControl "180+1"]
[EndTime "10:05:15 PST"]
[Termination "ArjunErigaisi2003 won on time"]

1. c4 e5 2. Nc3 d6 3. Nf3 f5 4. d3 Nf6 5. g3 Be7 6. Bg2 O-O 7.
O-O Qe8 8. b4 Qh5 9. Bg5 Nbd7 10. Qb3 Kh8 11. Bd2 e4 12. dxe4 fxe4 13. Ng5 e3 14. Bxe3 Ng4 15. h4 Nxe3 16. fxe3 Rxf1+ 17. Rxf1 Bxg5 18. hxg5 Qxg5 19. Ne4 Qe7 20. c5 Ne5 21.
Qd5 Bd7 22. Qxb7 Bc6 23. cxd6 1-0

[Event "*** Titled Tuesday Blitz"]
[Site "Chess.com"]
[Date "2020.11.03"]
[Round "1"]
[White "FontVella8"]
[Black "JRenatoMaranhao"]
[Result "1-0"]
[WhiteElo "2479"]
[BlackElo "1891"]
[TimeControl "180+1"]
[EndTime "10:05:15 PST"]
[Termination "FontVella8 won by resignation"]

1. e4 c6 2. d4 d5 3. e5 Bf5 4. Nf3 e6 5. Be2 Ne7 6. O-O Nd7 7. a4 c5 8. c3 Nc6 9. Be3 Bxb1 10. Qxb1 Be7 11.
Rd1 O-O 12. h3 c4 13. b3 Na5 14. b4 Nb3 15. Ra2 f6 16. exf6 Nxf6 17. Ng5 Qd7 18. Bg4 Kh8 19. Bxe6 Qd6 20. Qf5 g6 21. Qe5 Qxe5 22.
dxe5 Ne4 23. Nxe4 dxe4 24. Bxc4 1-0

[Event "*** Titled Tuesday Blitz"]
[Site "Chess.com"]
[Date "2020.11.03"]
[Round "1"]
[White "Chessalary"]
[Black "Grandelicious"]
[Result "0-1"]
[WhiteElo "2395"]
[BlackElo "2793"]
[TimeControl "180+1"]
[EndTime "10:05:16 PST"]
[Termination "Grandelicious won by checkmate"]

1. d4 Nf6 2. Nf3 g6 3. e3 Bg7 4.
Be2 O-O 5. O-O d6 6. Nbd2 c5 7. b3 cxd4 8. exd4 d5 9. Bb2 Nc6 10. c3 Bf5 11. Re1 Rc8 12. Bb5 Ne4 13. Nxe4 Bxe4 14. Nd2 Bf5 15. Qf3 a6 16. Bd3 Bxd3 17. Qxd3 e5 18. dxe5 Nxe5 19. Qg3 Re8 20. Rad1 Qa5 21.
a4 Qb6 22. c4 d4 23. a5 Qxa5 24. Bxd4 Rcd8 25. Bc3 Nf3+ 26. Nxf3 Qxc3 27. Rxd8 Rxd8 28. Ng5 Qxe1# 0-1

[Event "*** Titled Tuesday Blitz"]
[Site "Chess.com"]
[Date "2020.11.03"]
[Round "1"]
[White "mishanick"]
[Black "adriangschnitzer"]
[Result "1-0"]
[WhiteElo "3018"]
[BlackElo "2469"]
[TimeControl "180+1"]
[EndTime "10:05:17 PST"]
[Termination "mishanick won by resignation"]

1. c4 Nf6 2. Nc3 c5 3. g3 d5 4. cxd5 Nxd5 5. Bg2 Nc7 6. Nf3 Nc6 7. O-O e5 8. d3 Be7 9. Bd2 O-O 10. Rc1 f6 11. a3 Be6 12. Ne4 Na6 13. Qa4 Rc8 14. Qb5 Kh8 15. Qxb7 Qb6 16. Qxb6 axb6 17. Nc3 Rfd8 18. Nb5 f5 19. Bg5 e4 20. dxe4 fxe4 21. Bxe7 exf3 22. Bxd8 fxg2 23. Rfd1 Nxd8 24. Rd6 Bh3 25. Rxb6 Rc6 26. Rd1 1-0

[Event "*** Titled Tuesday Blitz"]
[Site "Chess.com"]
[Date "2020.11.03"]
[Round "1"]
[White "Zq1"]
[Black "kinga2008"]
[Result "1-0"]
[WhiteElo "2502"]
[BlackElo "2076"]
[TimeControl "180+1"]
[EndTime "10:05:17 PST"]
[Termination "Zq1 won by resignation"]

1. d4 g6 2. c3 Bg7 3. e4 d6 4. Bg5 Nd7 5. Nd2 Ngf6 6. Bd3 e5 7. d5 O-O 8. Ne2 h6 9. Bh4 Qe8 10. f3 Nc5 11. Bc2 Nh5 12. b4 Na6 13. O-O f5 14. a3 g5 15. Bf2 Nf4 16. c4 Bd7 17. Rc1 fxe4 18. Nxe4 Bf5 19. c5 Qh5 20. N2g3 Qg6 21. Nxf5 Qxf5 22. Nxd6 Qd7 23. Nxb7 Nxd5 24. c6 Qf7 25.
Bb3 Rad8 26. Nxd8 Rxd8 27. b5 Nb8 28. Rc5 1-0

[Event "*** Titled Tuesday Blitz"]
[Site "Chess.com"]
[Date "2020.11.03"]
[Round "1"]
[White "joppie2"]
[Black "ajian"]
[Result "1-0"]
[WhiteElo "2857"]
[BlackElo "2435"]
[TimeControl "180+1"]
[EndTime "10:05:18 PST"]
[Termination "joppie2 won by resignation"]

1. d4 Nf6 2. c4 e6 3. Nf3 d5 4. g3 dxc4 5. Bg2 a6 6. O-O b5 7. Ne5 Nd5 8. e4 Nf6 9. a4 Bb7 10. axb5 axb5 11. Rxa8 Bxa8 12. Nc3 c6 13. d5 Be7 14.
dxe6 fxe6 15. Qe2 Nbd7 16. Rd1 Qc8 17. Nxd7 Nxd7 18. Qg4 Nf6 19. Qxg7 Rg8 20. Qh6 Rg6 21. Qh4 e5 22. Bh3 Qc7 23. Bf5 Rg7 24. Bh6 Rf7 25. Be6 b4 26. Ne2 c5 27. Bg5 Qc6 28. Bxf7+ Kxf7 29. Bxf6 Bxf6 30. Qxh7+ Bg7 31. Qf5+ Kg8 32. Rd8+ 1-0

[Event "*** Titled Tuesday Blitz"]
[Site "Chess.com"]
[Date "2020.11.03"]
[Round "1"]
[White "goldenpuppy"]
[Black "GoltsevDmitry2000"]
[Result "0-1"]
[WhiteElo "2352"]
[BlackElo "2691"]
[TimeControl "180+1"]
[EndTime "10:05:20 PST"]
[Termination "GoltsevDmitry2000 won by resignation"]

1. e4 c5 2. Nf3 e6 3. d4 cxd4 4. Nxd4 a6 5. c4 Qc7 6. a3 Nf6 7. Nc3 Nc6 8. Be3 b6 9. Rc1 Bb7 10. f3 Ne5 11. Be2 Rc8 12. O-O Be7 13. b4 O-O 14.
Kh1 d6 15. Nb3 Nfd7 16. Na4 Bc6 17. Nb2 a5 18. b5 Bb7 19. f4 Ng6 20. Bf3 Nc5 21.
Nxc5 dxc5 22. Qe1 Nxf4 23. e5 Ng6 24. Bxb7 Qxb7 25. Nd3 Rcd8 26. Rc3 Qe4 27. Bf4 Qxe1 28. Nxe1 Rd1 29. Rd3 Ra1 30. g3 Rd8 31. Rxd8+ Bxd8 32. Kg2 Rxa3 33. Nf3 Rd3 34. Ra1 Kf8 35. h4 Ke8 36. h5 Ne7 37. Kf2 Nf5 38. g4 Nd4 39. Ne1 Rc3 40. Ng2 Rxc4 41. Ne3 Bh4+ 42. Kg2 Rb4 43.
Kh3 Be7 44. Bh2 Rb3 45. Bg1 Nc2 0-1

[Event "*** Titled Tuesday Blitz"]
[Site "Chess.com"]
[Date "2020.11.03"]
[Round "1"]
[White "tsvet2005"]
[Black "Tenamu"]
[Result "1-0"]
[WhiteElo "2715"]
[BlackElo "2365"]
[TimeControl "180+1"]
[EndTime "10:05:21 PST"]
[Termination "tsvet2005 won by resignation"]

1. d4 e6 2. c4 d5 3. Nc3 Nf6 4. cxd5 exd5 5. Bg5 c6 6. e3 Be6 7. Bd3 h6 8. Bh4 g5 9. Bg3 Bd6 10. Nge2 h5 11. h4 Bxg3 12. Nxg3 g4 13. Qc2 Qd7 14. Nce2 Na6 15. a3 Nc7 16. Nf4 O-O-O 17. b4 Kb8 18. a4 Rc8 19. O-O Qd6 20. Qb3 Qe7 21. b5 c5 22. dxc5 Qxc5 23. Rfc1 Qd6 24. a5 d4 25. Qb2 dxe3 26. Qxf6 exf2+ 27. Kh2 Rcd8 28. b6 Ne8 29. Qxh8 Qxf4 30. Qc3 Rc8 31. Qb2 Rd8 32.
bxa7+ Ka8 33. a6 1-0

[Event "*** Titled Tuesday Blitz"]
[Site "Chess.com"]
[Date "2020.11.03"]
[Round "1"]
[White "Sacbutt"]
[Black "GMartin_Petrov"]
[Result "0-1"]
[WhiteElo "2300"]
[BlackElo "2617"]
[TimeControl "180+1"]
[EndTime "10:05:21 PST"]
[Termination "GMartin_Petrov won by resignation"]

1. d4 Nf6 2. c4 e6 3. Nf3 d5 4. Nc3 Be7 5. Bg5 O-O 6. e3 b6 7.
Bxf6 Bxf6 8. cxd5 exd5 9. Bd3 Bb7 10. O-O Nd7 11. Rc1 c5 12. Qe2 Re8 13. Qc2 g6 14. Rfd1 Rc8 15. Qb1 a6 16. b3 c4 17. bxc4 dxc4 18.
Be2 b5 19. e4 Nb6 20. e5 Bg7 21. Ne1 Nd5 22. Nxd5 Bxd5 23. Bf3 Qd7 24. Bxd5 Qxd5 25. Nf3 a5 26. a3 Bf8 27. Qb2 b4 28. axb4 axb4 29.
h3 c3 30. Qc2 b3 31. Qd3 c2 0-1

[Event "*** Titled Tuesday Blitz"]
[Site "Chess.com"]
[Date "2020.11.03"]
[Round "1"]
[White "mortngabriel"]
[Black "WoolworthsManly"]
[Result "1/2-1/2"]
[WhiteElo "2336"]
[BlackElo "2638"]
[TimeControl "180+1"]
[EndTime "10:05:22 PST"]
[Termination "Game drawn by repetition"]

1. e4 e5 2. Nc3 Nf6 3. Bc4 Bc5 4. d3 c6 5. f4 d6 6. Nf3 Bg4 7. h3 Bxf3 8. Qxf3 Nbd7 9. Be3 Bxe3 10. Qxe3 Qb6 11.
Qxb6 axb6 12. O-O b5 13. Bb3 Nc5 14. fxe5 dxe5 15. Rf5 Ncd7 16. Raf1 O-O 17. g4 h6 18. h4 Nc5 19. Rxe5 Nxb3 20. axb3 Nxg4 21. Re7 Rab8 22. Rf4 h5 23. Ne2 g6 24. b4 Nh6 25. Nd4 Rfe8 26. Rc7 Rec8 27. Re7 Re8 28. Rc7 Rec8 29. Re7 Re8 1/2-1/2

[Event "*** Titled Tuesday Blitz"]
[Site "Chess.com"]
[Date "2020.11.03"]
[Round "1"]
[White "Mbneu"]
[Black "Lion-Al-Messi"]
[Result "1-0"]
[WhiteElo "2233"]
[BlackElo "2537"]
[TimeControl "180+1"]
[EndTime "10:05:23 PST"]
[Termination "Mbneu won by resignation"]

1. d4 d5 2. c4 Nf6 3. cxd5 Nxd5 4. e4 Nf6 5. Nc3 c5 6. d5 Nbd7 7. Nf3 Nb6 8. a4 Bg4 9. a5 Nbd7 10. Bb5 a6 11.
Ba4 Qc7 12. O-O g6 13. e5 Bxf3 14. Qxf3 Qxe5 15. Bf4 Qf5 16. d6 Rd8 17. dxe7 Bxe7 18. Rfe1 Kf8 19. Bh6+ Ke8 20. Rad1 Qxf3 21. gxf3 Rc8 22.
Bg7 Kd8 23. Bxh8 Kc7 24. Rxe7 Rxh8 25. Bxd7 Kb8 26. Rxf7 Nh5 27. Bg4 Re8 28. Bxh5 gxh5 29. Rdd7 1-0

[Event "*** Titled Tuesday Blitz"]
[Site "Chess.com"]
[Date "2020.11.03"]
[Round "1"]
[White "chesslh19"]
[Black "korbul"]
[Result "0-1"]
[WhiteElo "2216"]
[BlackElo "2551"]
[TimeControl "180+1"]
[EndTime "10:05:25 PST"]
[Termination "korbul won by resignation"]

1. e4 c5 2. Nf3 e6 3. d4 cxd4 4.
Nxd4 Nf6 5. Nc3 d6 6. Be2 a6 7.
O-O Qc7 8. f4 b5 9. Bf3 Bb7 10.
Qe1 Be7 11. Kh1 Nbd7 12. e5 dxe5 13. Bxb7 Qxb7 14. fxe5 Nd5 15. Nxd5 Qxd5 16. Nf3 O-O 17. c3 Nc5 18. Qg3 Qe4 19. Bh6 Qg6 20. Qxg6 hxg6 21. Bg5 Bxg5 22. Nxg5 Nd3 23. a4 Nxe5 24. Nf3 Nc4 25.
b3 Ne3 26. Rf2 Rac8 27. Nd4 e5 28. axb5 exd4 29. bxa6 dxc3 30. a7 c2 0-1

[Event "*** Titled Tuesday Blitz"]
[Site "Chess.com"]
[Date "2020.11.03"]
[Round "1"]
[White "rasmussvane"]
[Black "smshk35"]
[Result "1-0"]
[WhiteElo "2944"]
[BlackElo "2458"]
[TimeControl "180+1"]
[EndTime "10:05:27 PST"]
[Termination "rasmussvane won by resignation"]

1. Nf3 Nf6 2. g3 e6 3. Bg2 Be7 4. O-O O-O 5. c4 b6 6. Ne5 c6 7.
d4 d5 8. Nc3 Bb7 9. e4 Nbd7 10.
Nxd7 Qxd7 11. e5 Ne8 12. cxd5 cxd5 13. h4 Nc7 14. h5 Rfc8 15. Qg4 Nb5 16. Bh6 g6 17.
Rac1 Nxc3 18. bxc3 Ba6 19. Rfd1 Ba3 20. Bg5 Be7 21.
Bf6 Bxf6 22. exf6 Qd8 23. hxg6 fxg6 24. Qxe6+ 1-0

[Event "*** Titled Tuesday Blitz"]
[Site "Chess.com"]
[Date "2020.11.03"]
[Round "1"]
[White "Sokoloco"]
[Black "ChessWarrior7197"]
[Result "0-1"]
[WhiteElo "2466"]
[BlackElo "2995"]
[TimeControl "180+1"]
[EndTime "10:05:29 PST"]
[Termination "ChessWarrior7197 won by resignation"]

1. b3 Nf6 2. Bb2 d5 3. e3 c6 4. f4 g6 5. Bxf6 exf6 6. Nf3 Bg7 7. c4 O-O 8. Be2 Bg4 9. O-O f5 10. Nc3 Bxf3 11. Rxf3 d4 12. exd4 Qxd4+ 13. Kh1 Na6 14. Rc1 Rad8 15. d3 Rfe8 16. Qd2 Nc5 17. Qc2 Ne6 18. g3 Qd6 19. Qd1 Bxc3 20. Rxc3 Nd4 21. Rf2 Re3 22. Bf1 Rde8 23. Rc1 c5 24. Qd2 h5 25. b4 cxb4 26. c5 Qc6+ 27. Bg2 Qa4 28.
Rb1 Re2 29. Rxe2 Rxe2 30. Qd1 Qxa2 31. Qg1 Rxg2 0-1

[Event "*** Titled Tuesday Blitz"]
[Site "Chess.com"]
[Date "2020.11.03"]
[Round "1"]
[White "krzyzan94"]
[Black "PauloCesarCosta_sad"]
[Result "1-0"]
[WhiteElo "2652"]
[BlackElo "2325"]
[TimeControl "180+1"]
[EndTime "10:05:29 PST"]
[Termination "krzyzan94 won on time"]

1. Nf3 Nf6 2. g3 d5 3. Bg2 Bg4 4. O-O c6 5. c4 e6 6. d3 dxc4 7. dxc4 Qxd1 8. Rxd1 Nbd7 9. Nc3 Bb4 10. Bd2 O-O 11. Rac1 Rfd8 12. a3 Be7 13. h3 Bh5 14. g4 Bg6 15. Be3 Ne4 16. Na4 Nec5 17. Nxc5 Nxc5 18.
Rxd8+ Rxd8 19. b4 Nd7 20. Bxa7 Ra8 21. Rd1 Nf8 22. Bc5 Bxc5 23. bxc5 Rxa3 24. Rd8 f6 25. Rb8 Rc3 26. Nd4 Bf7 27. Rxb7 Rxc4 28. Nxc6 Rxc5 29. Ne7+ Kh8 30. Rb8 g6 31. Rxf8+ Kg7 32. Rb8 Rc7 33. Nc6 e5 34. Nd8 1-0

[Event "*** Titled Tuesday Blitz"]
[Site "Chess.com"]
[Date "2020.11.03"]
[Round "1"]
[White "DenisQ"]
[Black "indfraeng"]
[Result "1-0"]
[WhiteElo "2664"]
[BlackElo "2336"]
[TimeControl "180+1"]
[EndTime "10:05:30 PST"]
[Termination "DenisQ won by resignation"]

1. Nf3 Nf6 2. c4 c5 3. Nc3 d5 4. cxd5 Nxd5 5. e4 Nb4 6. Bb5+ Bd7 7.
Bc4 e6 8. O-O Be7 9. d4 cxd4 10.
Nxd4 O-O 11. Be3 N8c6 12. Rc1 Nxd4 13. Qxd4 Nc6 14. Qd2 Bf6 15. Rfd1 Ne5 16. Be2 Bc6 17. f4 Qxd2 18. Rxd2 Ng6 19. e5 Be7 20. Bb5 Rac8 21.
Bxc6 Rxc6 22. Rd7 Rb8 23. Bxa7 Ra8 24. Be3 Bc5 25. Bxc5 Rxc5 26. g3 b5 27. Rcd1 h5 28. Rd8+ Rxd8 29. Rxd8+ Kh7 30. Rb8 Rc4 31. Rxb5 Rd4 32.
Rb7 Kg8 33. a4 h4 34. a5 h3 35. a6 1-0

[Event "*** Titled Tuesday Blitz"]
[Site "Chess.com"]
[Date "2020.11.03"]
[Round "1"]
[White "szefru"]
[Black "Artyom_ChessMate"]
[Result "0-1"]
[WhiteElo "2272"]
[BlackElo "2585"]
[TimeControl "180+1"]
[EndTime "10:05:30 PST"]
[Termination "Artyom_ChessMate won by resignation"]

1. e4 e5 2. Nf3 Nc6 3. Bb5 a6 4. Ba4 Nf6 5. Qe2 b5 6. Bb3 Be7 7. c3 O-O 8. O-O Bb7 9. Rd1 d6 10. d3 h6 11. Nbd2 Re8 12. Nf1 Na5 13. Bc2 c5 14.
Ng3 Bf8 15. Nf5 Nc6 16. h3 d5 17. Nh2 Qc7 18. Ng4 Re6 19. a4 Rd8 20. axb5 axb5 21.
exd5 Nxd5 22. Qe4 Rg6 23. Nge3 Nf4 24. Ng4 h5 25. Bxf4 exf4 26. Nh2 Nd4 27. Qe1 Rxg2+ 28. Kf1 Nxc2 0-1

[Event "*** Titled Tuesday Blitz"]
[Site "Chess.com"]
[Date "2020.11.03"]
[Round "1"]
[White "Sergey85Rodchenkov"]
[Black "Firouzja2003"]
[Result "0-1"]
[WhiteElo "2469"]
[BlackElo "3065"]
[TimeControl "180+1"]
[EndTime "10:05:31 PST"]
[Termination "Firouzja2003 won by resignation"]

1. e4 b6 2. d4 Bb7 3. Bd3 e6 4. Nf3 d5 5. exd5 Qxd5 6. O-O Nf6 7. Nc3 Qh5 8. Ne5 Qxd1 9. Rxd1 a6 10. Bf4 Bd6 11.
Bg3 Nc6 12. Ne4 Bxe5 13. dxe5 Nd7 14. f4 Nb4 15. Nf2 Nc5 16. a3 Ncxd3 17. cxd3 Nc6 18.
Bh4 Nd4 19. Ne4 Ne2+ 20. Kf2 Nxf4 21. Rac1 Ng6 22. Bg5 h6 23. Be3 Rc8 24. Bd4 O-O 25. Bc3 Rfd8 26. Ke3 Rd7 27. Rf1 Rcd8 28. Rcd1 Ne7 29.
g4 Nd5+ 30. Ke2 a5 31. Rf3 Nxc3+ 32. bxc3 Bxe4 0-1

[Event "*** Titled Tuesday Blitz"]
[Site "Chess.com"]
[Date "2020.11.03"]
[Round "1"]
[White "markberk"]
[Black "Fandorine"]
[Result "0-1"]
[WhiteElo "2420"]
[BlackElo "2845"]
[TimeControl "180+1"]
[EndTime "10:05:33 PST"]
[Termination "Fandorine won by resignation"]

1. Nf3 Nf6 2. d4 g6 3. Bg5 Bg7 4. Nbd2 O-O 5. c3 d6 6. e4 Nc6 7. Bb5 Nd7 8. Bxc6 bxc6 9. O-O Rb8 10. Qc2 c5 11. Rfe1 Re8 12. Rad1 cxd4 13. cxd4 Nb6 14.
b3 Bb7 15. e5 Qd7 16. h3 Rbc8 17. Ne4 Qf5 18. Qe2 Nd5 19. Ng3 Qd7 20. Qd2 Nb6 21. Ne4 Bd5 22. Bh6 Bh8 23. Nfg5 f6 24. Nc3 fxg5 25. Nxd5 Nxd5 26. e6 Qb5 27. Qxg5 Nc3 28. Qg3 0-1

[Event "*** Titled Tuesday Blitz"]
[Site "Chess.com"]
[Date "2020.11.03"]
[Round "1"]
[White "Mikhal867"]
[Black "ftorodent"]
[Result "0-1"]
[WhiteElo "2343"]
[BlackElo "2674"]
[TimeControl "180+1"]
[EndTime "10:05:34 PST"]
[Termination "ftorodent won by resignation"]

1. c4 f5 2. Nc3 Nf6 3. g3 g6 4. Bg2 Bg7 5. d4 O-O 6. Nf3 d6 7. b3 Qe8 8. O-O e5 9. dxe5 dxe5 10. Ba3 Rf7 11. e4 Nc6 12. Ng5 Rd7 13. Nd5 h6 14.
Nh3 Nxe4 15. Bxe4 fxe4 16. Kg2 Nd4 17. Qb1 Rf7 18. Qxe4 Bf5 19. Qh4 g5 20. Qh5 g4 21.
Ng1 Be4+ 22. f3 Nxf3 23. Qxg4 Ng5+ 0-1

[Event "*** Titled Tuesday Blitz"]
[Site "Chess.com"]
[Date "2020.11.03"]
[Round "1"]
[White "Rap_woyska"]
[Black "AntonovaNadezhda"]
[Result "1-0"]
[WhiteElo "2512"]
[BlackElo "2109"]
[TimeControl "180+1"]
[EndTime "10:05:36 PST"]
[Termination "Rap_woyska won by resignation"]

1. c4 Nf6 2. Nf3 g6 3. Nc3 Bg7 4. g3 O-O 5. Bg2 d6 6. d4 Nc6 7. O-O a6 8. d5 Na5 9. b3 Rb8 10. Nd4 e5 11. dxe6 fxe6 12. Bb2 e5 13. Nf3 b5 14.
Nd5 bxc4 15. Nxf6+ Bxf6 16. Qd5+ Kg7 17. Qxa5 cxb3 18.
Nd2 bxa2 19. Rxa2 Rb5 20. Qa3 a5 21. Ne4 Be7 22. f4 d5 23. Bxe5+ Kh6 24. Qd3 Ba6 25. Ng5 Bxg5 26. fxg5+ Kxg5 27. Qe3+ Kh5 28. Bf3+ Rxf3 29.
Qxf3+ Kh6 30. Qf4+ Kh5 31. g4+ Kh4 32. Bf6+ 1-0

[Event "*** Titled Tuesday Blitz"]
[Site "Chess.com"]
[Date "2020.11.03"]
[Round "1"]
[White "talman67"]
[Black "Svet99"]
[Result "1-0"]
[WhiteElo "2537"]
[BlackElo "2162"]
[TimeControl "180+1"]
[EndTime "10:05:39 PST"]
[Termination "talman67 won on time"]

1. e4 c6 2. d4 d5 3. e5 Bf5 4. Nf3 e6 5. Be2 Nd7 6. O-O c5 7. c4 Ne7 8. Nc3 dxc4 9. d5 Nxd5 10. Nxd5 exd5 11. Qxd5 Be6 12. Qxb7 Qb8 13. Qe4 Be7 14. Bxc4 Bxc4 15. Qxc4 O-O 16. e6 Nb6 17. exf7+ Rxf7 18.
Qe6 Qd6 19. Qxd6 Bxd6 20. b3 Rf6 21. Be3 Raf8 22. Rac1 Rg6 23. Nd2 Nd5 24. Bxc5 Bxc5 25.
Rxc5 Nf4 26. g3 Nh3+ 27. Kg2 Nf4+ 28. Kh1 Nd3 29. Rc7 Nxf2+ 30. Kg2 Rd6 31. Nc4 Rdf6 32. Rxa7 h5 33. h4 g5 34. hxg5 Rf5 35. Nd6 Rf3 36. Ne4 R3f5 37. Rxf2 Rxf2+ 38. Nxf2 1-0